Map: Arctic Dream LE

Players

PlayaTwo

  • Race: Protoss Protoss
  • League: Silver
  • Spawn Location: 11:00

PlayaOne

  • Race: Terran Terran
  • League: Gold
  • Spawn Location: 12:00

MattBarry

  • Race: Zerg Zerg
  • Spawn Location: 5:00

MattBarry

  • Race: Zerg Zerg
  • Spawn Location: 6:00

VOD

Have the link to the VOD?

Description

Time

  • Played on: Jan. 3, 2023, 12:02 a.m.
  • Length: 4:02
Show
View Real Time Build Order
Export as new Build Order

PlayaTwo Protoss 

Build Orders:  

Get SALT Encoding   

  12  0:01  Probe  
  13  0:16  Pylon  
  13  0:18  Probe  
  14  0:38  Gateway  
  14  0:40  Probe  
  15  0:55  Gateway  
  15  0:58  Probe  
  16  1:08  Pylon  
  16  1:13  Forge  
  16  1:17  Probe  
  17  1:27  Zealot  
  17  1:29  Probe  
  20  1:47  Photon Cannon  
  20  1:50  Photon Cannon  
  20  1:53  Zealot  
  22  1:58  Probe  
  23  2:04  Assimilator  
  23  2:11  Zealot  
  25  2:20  Zealot  
  27  2:27  Cybernetics Core  
  27  2:37  Probe  
  28  2:39  Zealot  
  30  2:49  Probe  
  31  3:21  Photon Cannon  
  30  3:38  Pylon  
  30  3:40  Probe  
  28  4:01  Nexus  
Show
View Real Time Build Order
Export as new Build Order

PlayaOne Terran 

Build Orders:  

Get SALT Encoding   

  12  0:00  SCV  
  13  0:12  SCV  
  14  0:17  Supply Depot  
  14  0:24  SCV  
  15  0:39  SCV  
  15  0:40  Barracks  
  16  0:51  SCV  
  16  0:52  Refinery  
  17  1:03  SCV  
  18  1:15  Barracks  
  18  1:19  Barracks  
  18  1:23  SCV  
  19  1:29  Marine  
  20  1:36  Supply Depot  
  20  1:46  Orbital Command  
  20  1:47  Marine  
  21  2:04  Marine  
  22  2:11  Marine x2  
  24  2:22  Marine  
  24  2:29  Marine x2  
  24  2:40  Marine  
  24  2:47  Marine  
  23  2:54  Marine  
  24  3:04  Marine  
  24  3:19  Marine x2  
  26  3:32  Supply Depot, Refinery  
  26  3:41  Barracks, Command Center  
Show
View Real Time Build Order
Export as new Build Order

MattBarry Zerg 

Build Orders: Pool First 

Get SALT Encoding   

  12  0:02  Drone  
  13  0:12  Drone  
  14  0:19  Overlord  
  14  0:36  Spawning Pool  
  14  0:41  Drone  
  14  1:09  Hatchery  
  13  1:12  Drone  
  14  1:27  Drone  
  14  1:30  Zergling x4  
  17  1:49  Zergling x2  
  18  2:28  Zergling x2  
  19  2:30  Spine Crawler  
  19  2:33  Queen  
  19  2:35  Zergling x8  
  24  2:50  Zergling x2  
  24  2:57  Drone  
  21  3:19  Spine Crawler  
  19  3:27  Zergling x2  
  19  3:28  Zergling x4  
  19  3:44  Zergling x2  
Show
View Real Time Build Order
Export as new Build Order

MattBarry Zerg 

Build Orders: Hatch First 

Get SALT Encoding   

  12  0:16  Overlord  
  12  0:23  Drone x2  
  14  1:01  Hatchery  
  13  1:08  Spawning Pool, Drone x2  
  14  1:30  Drone  
  15  1:33  Drone  
  15  1:36  Drone  
  17  1:56  Zergling x4  
  19  2:02  Queen  
  24  2:22  Zergling x2  
  24  2:32  Zergling x2  
  22  2:57  Zergling x2  
  22  2:58  Overlord  
  22  2:59  Overlord  
  22  3:17  Extractor  
Tags
 
Add a new tag
Caveats
  • Supply blocks, unpowered buildings, or Contaminate may cause inaccurate times.
  • Supply counts are checked every 10 seconds.